 Dungeon Sprint DCSS version 0.27-a0-597-g524d869a0f (webtiles) character file.

Game seed: 9486393282101519455

4437 rocky1 the Carver (level 10, -5/94 HPs)
             Began as a Naga Fighter on Mar 12, 2021.
             Was the Champion of Cheibriados.
             Slain by a catoblepas (13 damage)
             ... in the Dungeon (Sprint VII: "The Pits").
             The game lasted 00:05:54 (1665 turns).

rocky1 the Carver (Naga Fighter)                    Turns: 1665, Time: 00:05:55

Health: -5/94      AC: 15    Str: 40    XL:     10   Next: 36%
Magic:  11/19      EV: 13    Int: 24    God:    Cheibriados [******]
Gold:   0          SH: 15    Dex: 28    Spells: 9/9 levels left

rFire    . . .     SeeInvis +   q - +2 scimitar (holy)
rCold    . . .     Faith    .   c - +0 kite shield
rNeg     . . .     Spirit   .   r - +4 scale mail
rPois    +         Reflect  .   p - +0 helmet
rElec    .         Harm     .   i - +0 cloak
rCorr    .         Rampage  .   n - +0 pair of gloves
Will     +....     NoTele   +   (no barding)
Stlth    +.........             (no amulet)
HPRegen  0.25/turn              g - +3 ring of strength
MPRegen  0.16/turn              b - +3 ring of dexterity

@: very slow
A: large, see invisible, deformed body, poison resistance, slowness 2, spit
poison 1, naga tail 1, AC +3
a: Spit Poison, Renounce Religion, Bend Time, Temporal Distortion, Slouch, Step
From Time


You were in the Dungeon.
You worshipped Cheibriados.
Cheibriados was exalted by your worship.
You visited 1 branch

Inventory:

Hand Weapons
 f - a +2 vorpal war axe
 q - a +2 scimitar of holy wrath (weapon)
Armour
 c - a +0 kite shield (worn)
 i - a +0 cloak (worn)
 n - a +0 pair of gloves (worn)
 p - a +0 helmet (worn)
 r - a +4 scale mail (worn)
Jewellery
 b - a +3 ring of dexterity (left hand)
 g - a +3 ring of strength (right hand)
Scrolls
 j - a scroll of blinking
 l - 5 scrolls of amnesia
 m - a scroll of summoning
Potions
 a - 15 potions of heal wounds
 d - a potion of might
 e - 8 potions of curing
 h - 4 potions of magic
 k - 2 potions of invisibility


   Skills:
 + Level 7.1 Fighting
 - Level 14.0 Long Blades
 + Level 5.6 Armour
 + Level 4.9 Dodging
 + Level 10.1 Shields
 + Level 12.3 Invocations


You had 9 spell levels left.
You didn't know any spells.
Your spell library was empty.

Dungeon Overview and Level Annotations

Branches:
Dungeon (1/1)

Altars:
Ashenzari
Cheibriados
Dithmenos
Elyvilon
Fedhas
Gozag
Hepliaklqana
Kikubaaqudgha
Makhleb
Nemelex Xobeh
Okawaru
Qazlal
Ru
Sif Muna
Trog
Uskayaw
Vehumet
Wu Jian
Xom
Yredelemnul
Zin
The Shining One
Beogh
Jiyva
Lugonu


Innate Abilities, Weirdness & Mutations

Your serpentine skin is tough. (AC +3)
You have supernaturally acute eyesight. (SInv)
Armour fits poorly on your strangely shaped body.
Your system is resistant to poisons. (rPois)
You cover ground very slowly.
You can spit poison.
You have a snake-like lower body.


Message History

You can feel time thicken for a moment.
You kill the steam dragon!
Cheibriados appreciates the change of pace.
The steam dragon scales are intact enough to wear.
You destroy the gargoyle!
Cheibriados appreciates the change of pace.
Your Fighting skill increases to level 7!
Your Shields skill increases to level 10!
The catoblepas breathes a plume of calcifying dust at you.
The blast of calcifying dust hits you. The catoblepas gores you!!
You block the catoblepas's attack.
The catoblepas breathes a plume of calcifying dust at you.
The blast of calcifying dust hits you.
The catoblepas breathes a plume of calcifying dust at you.
The blast of calcifying dust hits you.
Unknown command.
The catoblepas barely misses you. The catoblepas closely misses you.
You riposte.
You barely miss the catoblepas.
The catoblepas is severely wounded.
You hit the catoblepas but do no damage.
The catoblepas is severely wounded.
The catoblepas gores you!
You hit the catoblepas but do no damage.
The catoblepas is severely wounded.
The catoblepas breathes a plume of calcifying dust at you.
The blast of calcifying dust hits you! The catoblepas closely misses you.
You block the catoblepas's attack.
The catoblepas breathes a plume of calcifying dust at you.
The blast of calcifying dust hits you.
The catoblepas breathes a plume of calcifying dust at you.
The blast of calcifying dust hits you but does no damage.
The catoblepas breathes a plume of calcifying dust at you.
The blast of calcifying dust hits you.
The catoblepas breathes a plume of calcifying dust at you.
The blast of calcifying dust hits you. The catoblepas gores you!!
* * * LOW HITPOINT WARNING * * *
The catoblepas breathes a plume of calcifying dust at you.
The blast of calcifying dust hits you but does no damage.
The catoblepas gores you!
You die...

.....'................+
'#####......#†.#......#
.#)[##.......†........#
.#))#####'#####''######
##.)##.......##''#
.#))##.......##..#
.#..##.......##§.# #
.#'###...<...##§.# .##
....##.......##§@# ...#
....##.......##.Y## ...†.
######.......##...##..†...
.#.. ##########....[..)...
.#.############...##......
.#.#....#..[.##..## .....
.#)#....#....##..# ...#
)#)'....'..))##..# .##
.#'#....#.!))##..# #


You could see a catoblepas.

Vanquished Creatures
  A death yak (D)
  A gargoyle (D)
  A hellwing (D)
  9 blink frogs (D)
  6 yaks (D)
  A fire bat (D)
  A steam dragon (D)
  A warg (D)
  A black bear (D)
  An ice beast (D)
  A phantom (D)
  2 orc priests (D)
  A mummy (D)
  A gnoll (D)
  An adder (D)
  An ufetubus (D)
  An ooze (D)
  An adder skeleton (D)
  7 orcs (D)
  A bat (D)
  A bat skeleton (D)
  2 giant cockroaches (D)
  2 jackals (D)
  2 ball pythons (D)
  A ball python skeleton (D)
  A rat (D)
49 creatures vanquished.

Notes
Turn   | Place    | Note
-------+----------+-------------------------------------------
     0 | D        | rocky1 the Naga Fighter began the quest for the Orb.
     0 | D        | Reached XP level 1. HP: 21/21 MP: 1/1
    44 | D        | Found a bloodstained altar of Trog.
    44 | D        | Found a shimmering blue altar of Sif Muna.
    44 | D        | Found a viscous altar of Jiyva.
    44 | D        | Found a hazy altar of Hepliaklqana.
    44 | D        | Found an opulent altar of Gozag.
    45 | D        | Found a glowing golden altar of the Shining One.
    45 | D        | Found a glowing silver altar of Zin.
    45 | D        | Found a basalt altar of Yredelemnul.
    45 | D        | Found a shimmering altar of Xom.
    45 | D        | Found an ornate altar of the Wu Jian Council.
    45 | D        | Found a sacrificial altar of Ru.
    45 | D        | Found a stormy altar of Qazlal.
    45 | D        | Found an iron altar of Okawaru.
    45 | D        | Found a sparkling altar of Nemelex Xobeh.
    45 | D        | Found a burning altar of Makhleb.
    45 | D        | Found a blossoming altar of Fedhas.
    45 | D        | Found a white marble altar of Elyvilon.
    45 | D        | Found a shadowy altar of Dithmenos.
    45 | D        | Found a snail-covered altar of Cheibriados.
    49 | D        | Found a corrupted altar of Lugonu.
    49 | D        | Found a radiant altar of Vehumet.
    50 | D        | Found a broken altar of Ashenzari.
    50 | D        | Found an ancient bone altar of Kikubaaqudgha.
    50 | D        | Found a hide-covered altar of Uskayaw.
    56 | D        | Became a worshipper of Cheibriados the Contemplative
    85 | D        | Reached skill level 1 in Invocations
    86 | D        | Reached * piety under Cheibriados
    87 | D        | Reached skill level 3 in Long Blades
   291 | D        | HP: 1/21 [adder (4)]
   294 | D        | Reached XP level 2. HP: 24/28 MP: 1/3
   295 | D        | Reached ** piety under Cheibriados
   296 | D        | Reached skill level 4 in Long Blades
   410 | D        | Reached *** piety under Cheibriados
   418 | D        | Reached XP level 3. HP: 32/34 MP: 4/4
   419 | D        | Reached **** piety under Cheibriados
   491 | D        | Noticed a fire bat
   496 | D        | Killed a fire bat
   497 | D        | Reached skill level 7 in Long Blades
   497 | D        | Reached skill level 5 in Shields
   497 | D        | Reached skill level 5 in Invocations
   497 | D        | Reached XP level 4. HP: 21/42 MP: 5/8
   497 | D        | Reached XP level 5. HP: 25/49 MP: 5/9
   645 | D        | Noticed a phantom
   648 | D        | Reached ***** piety under Cheibriados
   649 | D        | Reached skill level 8 in Long Blades
   649 | D        | Reached XP level 6. HP: 56/56 MP: 4/10
   651 | D        | Reached skill level 9 in Long Blades
   654 | D        | Reached ****** piety under Cheibriados
   722 | D        | Noticed a warg
   733 | D        | Killed a warg
   734 | D        | Reached skill level 10 in Long Blades
   734 | D        | Reached XP level 7. HP: 37/62 MP: 12/12
  1076 | D        | Noticed a blink frog
  1076 | D        | Noticed a blink frog
  1076 | D        | Noticed a blink frog
  1076 | D        | Noticed a blink frog
  1076 | D        | Noticed a blink frog
  1085 | D        | Killed a blink frog
  1086 | D        | Reached skill level 11 in Long Blades
  1088 | D        | Killed a blink frog
  1088 | D        | Killed a blink frog
  1088 | D        | Killed a blink frog
  1089 | D        | Reached skill level 12 in Long Blades
  1089 | D        | Reached skill level 10 in Invocations
  1089 | D        | Reached XP level 8. HP: 36/69 MP: 8/15
  1089 | D        | Killed a blink frog
  1090 | D        | Reached skill level 13 in Long Blades
  1351 | D        | Noticed a yak
  1358 | D        | Killed a yak
  1363 | D        | Reached XP level 9. HP: 75/75 MP: 15/17
  1495 | D        | Noticed a death yak
  1512 | D        | Killed a death yak
  1519 | D        | Reached skill level 5 in Fighting
  1519 | D        | Reached skill level 14 in Long Blades
  1651 | D        | Noticed a hellwing
  1651 | D        | Noticed a catoblepas
  1651 | D        | Noticed a gargoyle
  1653 | D        | Reached skill level 5 in Armour
  1653 | D        | Reached XP level 10. HP: 83/92 MP: 12/19
  1656 | D        | Killed a gargoyle
  1657 | D        | Reached skill level 10 in Shields
  1665 | D        | Slain by a catoblepas

Illustrated notes

Levels and vault maps discovered:
D:        pitsprint [storerooms_1, entrance_room_1, metal_vault_3, armoury_2,
          mini_pit_1, grid_room_1, main_hall_1, silver_pit, the_coven_1,
          the_vestibule_1, steel_vault_4, golden_pit, hallway_of_sentries,
          crystal_vault_2, iron_vault_1, final_vault]

Skill      XL: |  1  2  3  4  5  6  7  8  9 10 |
---------------+-------------------------------+-----
Invocations    | 2 5 6 7 10 12 | 12.3
Long Blades    | 3 4 7 8 10 12 13 14 | 14.0
Shields        | 3 5 6 8 9 10 | 10.1
Fighting       | 6 7 |  7.1
Armour         | 5 |  5.6
Dodging        | 4 |  4.9

Action                   |  1- 3 |  4- 6 |  7- 9 | 10-12 || total
-------------------------+-------+-------+-------+-------++-------
Melee: Falchion          |    37 |       |       |       ||    37
       Long sword        |     4 |    20 |    20 |       ||    44
       Scimitar          |       |       |    39 |     4 ||    43
Invok: Slouch            |       |     1 |     3 |     1 ||     5
 Abil: Spit Poison       |     2 |     2 |     2 |       ||     6
  Use: Potion            |     1 |       |       |       ||     1
Armor: Scale mail        |    33 |       |     6 |     3 ||    42
       Chain mail        |     3 |     5 |    15 |       ||    23
Dodge: Dodged            |    12 |     1 |    13 |     3 ||    29
Block: Kite shield       |    31 |    14 |    36 |     2 ||    83
       Rpst.: Falchion   |     4 |       |       |       ||     4
       Long sword        |     1 |       |     2 |       ||     3
       Scimitar          |       |       |     3 |     1 ||     4

Table legend: (Time is in decaauts)
 A = Elapsed time spent in this place.
 B = Non-inter-level travel time spent in this place.
 C = Inter-level travel time spent in this place.
 D = Time resting spent in this place.
 E = Time spent auto-exploring this place.
 F = Levels seen in this place.
 G = Mean time per level.
                   A        B        C        D        E       F      G
               +--------+--------+--------+--------+--------+-----+--------+
         Total |   2248 |   1901 |    347 |   1049 |      0 |   1 | 2248.0 |
       Dungeon |   2248 |   1901 |    347 |   1049 |      0 |   1 | 2248.0 |
               +--------+--------+--------+--------+--------+-----+--------+

Top non-repeatable levels by time:
       D: 2248 daAuts
